 Dungeon Crawl Stone Soup version 0.20-a0-957-g47ad1fd (webtiles) character file.

431 M4edhros the Cleaver (level 6, -3/51 HPs)
             Began as a Minotaur Berserker on Apr 5, 2017.
             Was a Believer of Trog.
             Slain by an ogre
             ... wielding a +0 giant club
              (23 damage)
             ... on level 6 of the Dungeon.
             The game lasted 00:02:03 (503 turns).

M4edhros the Cleaver (Minotaur Berserker)            Turns: 503, Time: 00:02:04

Health: -3/51      AC:  2    Str: 21    XL:     6   Next: 66%
Magic:  5/5        EV: 12    Int:  4    God:    Trog [**....]
Gold:   27         SH:  0    Dex: 12    Spells: 5/5 levels left

rFire    . . .     SeeInvis .   a - +0 hand axe
rCold    . . .     Gourm    .   (no shield)
rNeg     . . .     Faith    .   b - +0 animal skin
rPois    .         Spirit   .   (helmet restricted)
rElec    .         Reflect  .   (no cloak)
rCorr    .         Harm     .   (no gloves)
MR       +....                  (no boots)
Stlth    +.........             (no amulet)
Regen    0.2/turn               e - ring of protection from magic
MPRegen  0.1/turn               (no ring)

@: no status effects
A: retaliatory headbutt, horns 2
a: Berserk, Trog's Hand, Burn Spellbooks, Renounce Religion


You were on level 6 of the Dungeon.
You worshipped Trog.
Trog was pleased with you.
You were hungry.

You visited 1 branch of the dungeon, and saw 7 of its levels.

You collected 27 gold pieces.

Inventory:

Hand Weapons
 a - a +0 hand axe (weapon)
Armour
 b - a +0 animal skin (worn)
Jewellery
 e - a ring of protection from magic (left hand)
Scrolls
 d - 3 scrolls of identify {unknown}
 g - a scroll of remove curse {unknown}
 h - a scroll of immolation {unknown}
Potions
 i - 2 potions of agility {unknown}
 j - a potion of lignification {unknown}
Comestibles
 c - 2 bread rations
 f - 5 chunks of flesh


   Skills:
 - Level 3.6 Fighting
 + Level 9.1 Axes
 - Level 2.4 Armour
 - Level 2.1 Dodging


You had 5 spell levels left.
You didn't know any spells.

Dungeon Overview and Level Annotations

Branches:
Dungeon (7/15)
 Temple: D:4-7

Altars:


Innate Abilities, Weirdness & Mutations

You reflexively headbutt those who attack you in melee.
You have a pair of horns on your head.


Message History

You hit the bullfrog. You headbutt the bullfrog.
You kill the bullfrog!
Trog accepts your kill.
Your Axes skill increases to level 9!
You feel less exhausted.
Found 16 gold pieces.
Eat one of 6 chunks of flesh? (ye/n/q)
You eat one of the 6 chunks of flesh.
This raw flesh tastes terrible.
You are feeling hungry.
Found a smoky inky potion.
You now have 27 gold pieces (gained 16).
j - a smoky inky potion An ogre comes into view.
It is wielding a giant club.
The ogre shouts!
Found 8 gold pieces.
A quokka comes into view.
You hit the ogre.
The ogre is lightly wounded.
The ogre hits you with a giant club!!
You die...

## ### ## . ..## ##.####
.#### ######.###.#...
..... ##......#..#.#
..#.$. .......#.#...#
.....#
##<#.##.#...#.####.....#
.....##....###..........
##.#.#..#.## #.........
.....#...## ##@O......
##.###.##.## ##.......r.
##.###.###.###....#....#
##..........#.##.## ....
######.#####..#.## ...
### #. ##.## .. ... #.
#.# # #. #.# ### #.#


You could see an ogre and a quokka.

Vanquished Creatures
  A necrophage (D:5)
  An ogre (D:4)
  2 bullfrogs
  A quasit (D:5)
  A bullfrog skeleton (D:4)
  An orc wizard (D:6)
  A worker ant (D:6)
  An adder (D:3)
  2 leopard geckos
  2 orcs (D:6)
  A ball python (D:6)
  A bat (D:1)
  A giant cockroach (D:4)
  2 hobgoblins (D:3)
  3 jackals (D:4)
  2 frilled lizards
  3 rats
26 creatures vanquished.

Notes
Turn   | Place    | Note
-------+----------+-------------------------------------------
     0 | D:1      | M4edhros the Minotaur Berserker began the quest for the Orb.
     0 | D:1      | Reached XP level 1. HP: 19/19 MP: 0/0
    82 | D:2      | Reached skill level 4 in Axes
   181 | D:3      | Reached XP level 2. HP: 15/26 MP: 1/1
   192 | D:4      | Noticed an ogre
   195 | D:4      | Killed an ogre
   195 | D:4      | Reached skill level 6 in Axes
   195 | D:4      | Reached XP level 3. HP: 22/31 MP: 2/2
   195 | D:4      | Reached XP level 4. HP: 28/39 MP: 3/3
   228 | D:5      | Entered Level 5 of the Dungeon
   260 | D:3      | Reached XP level 5. HP: 17/45 MP: 4/4
   308 | D:5      | Reached skill level 7 in Axes
   319 | D:5      | Noticed a necrophage
   328 | D:5      | Killed a necrophage
   328 | D:5      | Reached skill level 8 in Axes
   373 | D:6      | Reached ** piety under Trog
   373 | D:6      | Reached XP level 6. HP: 42/51 MP: 5/5
   468 | D:6      | Reached skill level 9 in Axes
   503 | D:6      | Slain by an ogre

Vault maps used:
D:1:      zelgadis_glass_arrival_small, serial_bayou, serial_bayou_shore_b,
          serial_bayou_pond_b, serial_bayou_lagoon_a, serial_bayou_pond_b
D:2:      dk_vineyard_2, eino_tiny_chamber, fountainhead
D:4:      kennysheep_vampire_church, first_bread, guppyfry_early_orc_mine
D:5:      minmay_temple_entry_enclosed_plants
D:6:      hangedman_abyss_or_decor_lesser_grid
D:7:      serial_shops, shop

Skill      XL: |  1  2  3  4  5  6 |
---------------+-------------------+-----
Axes           | 4 6 8 9 |  9.1
Fighting       | |  3.6
Armour         | |  2.4
Dodging        | |  2.1

Action                   |  1- 3 |  4- 6 || total
-------------------------+-------+-------++-------
Melee: Hand axe          |    17 |    39 ||    56
       Headbutt          |     1 |     7 ||     8
Invok: Berserk           |     1 |     3 ||     4
       Burn Spellbooks   |       |     1 ||     1
  Use: Potion            |       |     1 ||     1
  Eat: Chunk             |       |     2 ||     2
Armor: Animal skin       |     4 |     3 ||     7
Dodge: Dodged            |    12 |    39 ||    51
